 Dungeon Crawl Stone Soup version 0.21-a0-531-gacddea6 (webtiles) character file.

8 Gerstahl the Slasher (level 2, 8/23 HPs)
             Began as a Demonspawn Gladiator on Dec 12, 2017.
             Quit the game on level 1 of the Dungeon.
             The game lasted 00:00:14 (121 turns).

Gerstahl the Slasher (Demonspawn Gladiator)          Turns: 121, Time: 00:00:15

Health: 8/23       AC:  4    Str: 14    XL:     2   Next: 0%
Magic:  2/2        EV: 12    Int:  9    God:
Gold:   9          SH:  0    Dex: 14    Spells: 1/1 levels left

rFire    + . .     SeeInvis .   a - +0 long sword
rCold    . . .     Gourm    .   (no shield)
rNeg     . . .     Faith    .   b - +0 leather armour
rPois    .         Spirit   .   c - +0 helmet
rElec    .         Reflect  .   (no cloak)
rCorr    .         Harm     .   (no gloves)
MR       .....                  (no boots)
Stlth    +.........             (no amulet)
HPRegen  0.07/turn              (no ring)
MPRegen  0.08/turn              (no ring)

@: no status effects
A: fire resistance 1
a: no special abilities


You were on level 1 of the Dungeon.
You were not hungry.

You visited 1 branch of the dungeon, and saw 1 of its levels.

You collected 9 gold pieces.

Inventory:

Hand Weapons
 a - a +0 long sword (weapon)
Missiles
 d - 3 throwing nets (quivered)
Armour
 b - a +0 leather armour (worn)
 c - a +0 helmet (worn)
Scrolls
 e - a scroll of fear {unknown}
 g - a scroll of blinking {unknown}
Potions
 h - a potion of curing {unknown}
 i - a potion of cancellation {unknown}
Comestibles
 f - a bread ration


   Skills:
 + Level 2.4 Fighting
 + Level 3.0 Long Blades
 - Level 1.7 Throwing
 - Level 2.6 Dodging


You had one spell level left.
You didn't know any spells.

Dungeon Overview and Level Annotations

Branches:
Dungeon (1/15)

Altars:


Innate Abilities, Weirdness & Mutations

Your flesh is heat resistant. (rF+)


Message History

You barely miss the frilled lizard. The frilled lizard closely misses you.
You riposte.
You barely miss the frilled lizard. You slash the frilled lizard!
You kill the frilled lizard!
The kobold throws a stone.
The stone hits you but does no damage.
You hit the frilled lizard.
The frilled lizard is heavily wounded.
The frilled lizard misses you.
You riposte.
You hit the frilled lizard.
You kill the frilled lizard!
Your Long Blades skill increases to level 3!
You closely miss the kobold. The kobold hits you but does no damage.
You closely miss the kobold. The kobold closely misses you.
You riposte.
You hit the kobold.
The kobold is severely wounded.
You hit the kobold.
You kill the kobold!
You have reached level 2!
Your demonic ancestry asserts itself...
You feel resistant to heat.
Are you sure you want to abandon this character and quit the game? (Confirm with "yes".)

# #....##########
####..........##
##########..# ##.# #.###
##### #...# #.(.. #.
###.## #....
#..##############..###....
#.....†.)@................
#.......##############....
....###l(l...... #.... ###
#.)....... #....
#......... #####
#......... #.........
#......... #.........


There were no monsters in sight!

Vanquished Creatures
  A bat (D:1)
  A hobgoblin (D:1)
  2 kobolds (D:1)
  2 frilled lizards (D:1)
  2 goblins (D:1)
8 creatures vanquished.

Notes
Turn   | Place    | Note
-------+----------+-------------------------------------------
     0 | D:1      | Gerstahl the Demonspawn Gladiator began the quest for the Orb.
     0 | D:1      | Reached XP level 1. HP: 16/16 MP: 1/1
   117 | D:1      | Reached skill level 3 in Long Blades
   120 | D:1      | Gained mutation: Your flesh is heat resistant. (rF+) [demonic ancestry]
   120 | D:1      | Reached XP level 2. HP: 8/23 MP: 2/2
   121 | D:1      | Quit the game

Vault maps used:
D:1:      grunt_arrival_crossed_arrows

Skill      XL: |  1 |
---------------+----+-----
Long Blades    | 3 |  3.0
Fighting       | |  2.4
Throwing       | |  1.7
Dodging        | |  2.6

Action                   || total
-------------------------++-------
Melee: Long sword        ||    15
Armor: Leather armour    ||     4
Dodge: Dodged            ||    17
       Rpst.: Long sword ||     7

Table legend:
 A = Spawn XP
 B = Non-spawn XP
 C = Spawn XP percentage of total XP
 D = Spawn monster count
 E = Non-spawn monster count
 F = Spawn count percentage of total count
 G = Total turns spent on level
                    A         B        C        D         E        F      G
               +---------+---------+-------+---------+---------+-------+---------
         Total |       0 |      12 |   0.0 |       0 |       8 |   0.0 |   121
               +---------+---------+-------+---------+---------+-------+---------
           D:1 |       0 |      12 |   0.0 |       0 |       8 |   0.0 |   121
               +---------+---------+-------+---------+---------+-------+---------
